 Dungeon Crawl Stone Soup version 0.31.0-32-g396128a36d (webtiles) character file.

Game seed: 1597033974582757540

996 Ijustatesigmund the Trooper (level 8, 0/83 HPs)
             Began as an Oni Conjurer on Mar 14, 2024.
             Was an Initiate of Cheibriados.
             Slain by a wight
             ... wielding a +0 spear
              (5 damage)
             ... on level 6 of the Dungeon.
             The game lasted 00:11:22 (5774 turns).

Ijustatesigmund the Trooper (Oni Conjurer)          Turns: 5774, Time: 00:11:24

Health: 0/83       AC:  3    Str: 13    XL:     8   Next: 19%
Magic:  1/16       EV:  9    Int: 22    God:    Cheibriados [......]
Gold:   76         SH:  0    Dex:  8    Spells: 11/18 levels left

rFire   . . .        m - +0 giant club
rCold   + . .        (shield currently unavailable)
rNeg    . . .        a - +0 robe
rPois   .            s - +0 hat
rElec   .            (no cloak)
rCorr   .            (gloves unavailable)
SInv    +            (boots unavailable)
Will    .....        f - amulet of the acrobat
Stlth   +            d - ring of protection from cold
HPRegen 0.33/turn    k - ring of see invisible
MPRegen 0.15/turn

%: acrobat
@: very slow
A: large, unfitting armour, horns 1, tough skin 1, double potion healing,
drunken brawling
a: Renounce Religion


You were on level 6 of the Dungeon.
You worshipped Cheibriados.
Cheibriados was noncommittal.
You visited 2 branches of the dungeon, and saw 7 of its levels.

You collected 274 gold pieces.
You spent 198 gold pieces at shops.

Inventory:

Hand Weapons
 m - a +0 giant club (weapon)
Missiles
 b - 2 throwing nets
Armour
 a - a +0 robe (worn)
 s - a +0 hat (worn)
Jewellery
 d - a ring of protection from cold (left hand)
 f - an amulet of the acrobat (around neck)
 k - a ring of see invisible (right hand)
 y - a ring of fire
 z - a ring of protection from fire
Scrolls
 c - 2 scrolls of fear {unknown}
 e - 4 scrolls of teleportation
 i - a scroll of amnesia {unknown}
 j - a scroll of torment {unknown}
 n - a scroll of poison {unknown}
 o - 2 scrolls of vulnerability {unknown}
 r - a scroll of fog {unknown}
 t - 2 scrolls of identify
Potions
 g - a potion of lignification
 h - 3 potions of brilliance
 p - a potion of cancellation
 q - 4 potions of haste
 u - 2 potions of degeneration
 v - a potion of attraction {unknown}
 w - 2 potions of curing {unknown}


   Skills:
 + Level 6.2 Fighting
 + Level 3.3 Maces & Flails
 - Level 1.7 Dodging
 - Level 1.4 Stealth
 + Level 5.8 Spellcasting
 - Level 4.7 Conjurations
 + Level 3.0 Translocations
 + Level 0.0 Invocations


You had 11 spell levels left.
You knew the following spells:

 Your Spells              Type           Power      Damage    Failure   Level
a - Magic Dart            Conj           100%       1d8       1%          1
b - Searing Ray           Conj           54%        2d6       1%          2
c - Iskenderun's Mystic   Conj/Tloc      23%        2d6       19%         4

Your spell library contained the following spells:

 Spells                   Type           Power      Damage    Failure   Level
 Foxfire                  Conj/Fire      64%        2x1d7     3%          1
 Ensorcelled Hibernation  Hex/Ice        12%        N/A       14%         2
 Call Canine Familiar     Summ           6%         N/A       28%         3
 Fugue of the Fallen      Necr           6%         N/A       28%         3
 Sigil of Binding         Hex            6%         N/A       28%         3
 Fulminant Prism          Conj/Alch      8%         3d7       34%         4
 Dimensional Bullseye     Hex/Tloc       6%         N/A       45%         4
 Anguish                  Hex/Necr       3%         N/A       67%         4
 Starburst                Conj/Fire      8%         6d4       99%         6
 Plasma Beam              Fire/Air       3%         2x1d13    100%        6


Dungeon Overview and Level Annotations

Branches:
Dungeon (6/15)             Temple (1/1) D:5

Altars:
Ashenzari
Cheibriados
Elyvilon
Gozag
Hepliaklqana
Kikubaaqudgha
Nemelex Xobeh
Okawaru
Qazlal
Ru
Sif Muna
Uskayaw
Wu Jian
Yredelemnul

Shops:
D:5 *

Annotations:
D:5 2 transporters


Innate Abilities, Weirdness & Mutations

You are too large for most types of armour.
You have a pair of small horns on your head.
You have tough skin. (AC +1)
You gain doubled healing and magic from potions.
Whenever you drink a healing potion, you attack all around you.


Message History

The steam dragon claws you but does no damage.
The searing ray hits the steam dragon!
The steam dragon is almost dead.
The steam dragon breathes steam at you. The ball of steam hits you!
* * * LOW HITPOINT WARNING * * *
Unknown command.
You aren't carrying any items that you can evoke.
Press: ? - help, v - describe, . - travel A stone staircase leading up, spattered with blood.
There is a cloud of steam here.
Unknown command.
The steam dragon closely misses you. x2
A wight comes into view. It is wielding a +0 great sword.
A wight comes into view. It is wielding a +0 spear.
The steam dragon bites you.
* * * LOW HITPOINT WARNING * * *
The steam dragon misses you.
You completely miss the steam dragon.
The steam dragon is almost dead.
A hound comes into view.
The steam dragon bites you!
* * * LOW HITPOINT WARNING * * *
The steam dragon claws you.
* * * LOW HITPOINT WARNING * * *
You barely miss the steam dragon.
The steam dragon is almost dead.
The steam dragon bites you.
* * * LOW HITPOINT WARNING * * *
The steam dragon closely misses you.
Okay, then.
Okay, then.
The hound barks!
You sock the steam dragon!
You kill the steam dragon!
Cheibriados appreciates the change of pace.
The steam dragon scales are intact enough to wear.
The wight closely misses you.
The wight hits you from afar with a +0 spear.
You die...

.. ..... .. ....##
.##..... #......
##.....# .#
.##......## .
.......ยง..# ##
#....<..##.## ....
##...[@.....#
#.......#
#.#..z....##
......... #
##z#.#...#
#........
#h####..###........
..# #..##.........
...# #...#........#
.###
###..#........# ..
##.............#
#..<.........###


You could see a hound and 2 wights.

Vanquished Creatures
  A steam dragon (D:6)
  2 ogres (D:5)
  A phantom (D:5)
  2 scorpions
  A vampire bat (D:4)
  A howler monkey (D:5)
  2 hounds
  An orc priest (D:3)
  A bombardier beetle (D:5)
  2 sleepcaps
  An iguana (D:5)
  2 orc wizards
  4 gnolls (D:2)
  9 adders
  2 white imps (D:5)
  An ufetubus (D:6)
  4 dart slugs
  3 fire bats (D:4)
  9 orcs
  2 spectral bats (D:4)
  7 ball pythons
  3 bat skeletons (D:4)
  A bat zombie (D:4)
  4 endoplasms
  3 giant cockroaches
  6 goblins
  5 hobgoblins
  A jackal (D:5)
  3 quokkas (D:3)
  13 bats
  A bat simulacrum (D:4)
  5 frilled lizards
  5 kobolds
  6 rats
114 creatures vanquished.

Notes
Turn   | Place    | Note
-------+----------+-------------------------------------------
     0 | D:1      | Ijustatesigmund the Oni Conjurer began the quest for the
                  | Orb.
     0 | D:1      | Reached XP level 1. HP: 16/16 MP: 3/3
   147 | D:1      | Found a faded altar of an unknown god.
   173 | D:1      | Reached skill level 1 in Fighting
   175 | D:1      | Reached XP level 2. HP: 27/27 MP: 1/5
   178 | D:1      | Learned a level 2 spell: Searing Ray
  1076 | D:2      | Reached XP level 3. HP: 19/35 MP: 1/7
  1081 | D:2      | Reached skill level 2 in Fighting
  1395 | D:2      | Reached XP level 4. HP: 44/44 MP: 2/8
  1852 | D:3      | Reached skill level 3 in Fighting
  1852 | D:3      | Reached XP level 5. HP: 48/53 MP: 5/10
  2842 | D:4      | Reached skill level 4 in Fighting
  2848 | D:4      | Learned a level 4 spell: Iskenderun's Mystic Blast
  3021 | D:4      | Reached XP level 6. HP: 60/62 MP: 4/12
  3229 | D:4      | Reached skill level 1 in Maces & Flails
  3250 | D:4      | Reached skill level 1 in Translocations
  3517 | D:4      | Found a sparkling altar of Nemelex Xobeh.
  4432 | D:5      | Entered Level 5 of the Dungeon
  4432 | D:5      | Found a transporter.
  4437 | D:5      | Reached XP level 7. HP: 71/71 MP: 9/14
  4518 | D:6      | Reached skill level 5 in Fighting
  4518 | D:6      | Reached skill level 5 in Spellcasting
  5075 | D:5      | Found Apangi's Assorted Antiques.
  5076 | D:5      | Found a snail-covered altar of Cheibriados.
  5081 | D:5      | Bought a gold wand for 88 gold pieces
  5081 | D:5      | Bought a large gilded ring for 110 gold pieces
  5200 | D:5      | Reached skill level 6 in Fighting
  5200 | D:5      | Reached XP level 8. HP: 24/83 MP: 9/16
  5415 | D:5      | Found a transporter.
  5694 | D:5      | Found a staircase to the Ecumenical Temple.
  5703 | Temple   | Entered the Ecumenical Temple
  5741 | D:5      | Became a worshipper of Cheibriados the Contemplative
  5773 | D:6      | HP: 4/83 [steam dragon (5)]
  5774 | D:6      | Slain by a wight

Illustrated notes

Levels and vault maps discovered:
D:1:      spicycebolla_green_bress_n_ham_2, layout_basic,
          shapermc_ecumenical_altar_venn
D:2:      layout_basic, minmay_misc_feat_rows
D:3:      layout_basic, kennysheep_potato
D:4:      layout_loops_corners, kennysheep_mini, goddamned_bats
D:5:      gammafunk_steamed_eel, layout_rooms, kennysheep_slug_shrine,
          minmay_temple_entry_poolview, serial_shops, shop, minmay_between
D:6:      layout_cave_pools, zin_statuary, mainiacjoe_overflow_alcove_2,
          nicolae_evil_shop, uniq_pikel
Temple:   nicolae_temple_godzebo

Skill      XL: |  1  2  3  4  5  6  7  8 |
---------------+-------------------------+-----
Fighting       | 1 2 3 4 6 |  6.2
Spellcasting   | 3 4 5 |  5.8
Conjurations   | 4 |  4.7
Maces & Flails | 1 3 |  3.3
Translocations | 1 2 3 |  3.0
Dodging        | |  1.7
Stealth        | |  1.4

Action                     |  1- 3 |  4- 6 |  7- 9 || total
---------------------------+-------+-------+-------++-------
  Melee: Unarmed           |     2 |       |       ||     2
         Punch             |     1 |       |       ||     1
         Whip              |     7 |     7 |       ||    14
         Headbutt          |     1 |     6 |     4 ||    11
         Mace              |       |    53 |     9 ||    62
         Giant club        |       |       |    16 ||    16
   Cast: Magic Dart        |    40 |   108 |    58 ||   206
         Searing Ray       |     2 |     4 |     5 ||    11
         Iskenderun's Myst |       |     1 |     4 ||     5
  Evoke: Wand              |       |       |     4 ||     4
    Use: Scroll            |     1 |     4 |     3 ||     8
         Potion            |     1 |       |     2 ||     3
   Stab: Sleeping          |       |     1 |       ||     1
 Armour: Robe              |    17 |   136 |    74 ||   227
  Dodge: Dodged            |     9 |    88 |    34 ||   131
